 Dungeon Crawl Stone Soup version 0.19.1-1-g22dce08 (webtiles) character file.

63 Alarkh the Chopper (level 3, -9/29 HPs)
             Began as a Demonspawn Monk on Jan 4, 2017.
             Killed by divine providence
             ... invoked by an orc priest
              (15 damage)
             ... on level 3 of the Dungeon.
             The game lasted 00:03:09 (2294 turns).

Alarkh the Chopper (Demonspawn Monk)                Turns: 2294, Time: 00:03:10

Health: -9/29      AC:  6    Str: 11    XL:     3   Next: 89%
Magic:  3/3        EV: 12    Int: 12    God:
Gold:   56         SH:  0    Dex: 15    Spells: 0 memorised, 2 levels left

rFire  . . .     SeeInvis .     a - +0 hand axe
rCold  . . .     Gourm    .     g - +3 leather armour
rNeg   . . .     Faith    .     (no shield)
rPois  .         Spirit   .     (helmet restricted)
rElec  .         Reflect  .     (no cloak)
rCorr  .         Harm     .     (no gloves)
MR     .....                    (no boots)
Stlth  ++........               (no amulet)
                                (no ring)
                                (no ring)

@: no status effects
A: antennae 1, spiny 1
a: no special abilities


You were on level 3 of the Dungeon.
You were not hungry.

You visited 1 branch of the dungeon, and saw 3 of its levels.

You collected 56 gold pieces.

Inventory:

Hand Weapons
 a - a +0 hand axe (weapon)
Armour
 b - a +0 robe
 g - a +3 leather armour (worn)
Wands
 f - a wand of flame (28/48)
Scrolls
 e - a scroll of teleportation {unknown}
 i - a scroll of identify {unknown}
 k - a scroll of amnesia {unknown}
Potions
 h - a potion of heal wounds {unknown}
Comestibles
 c - a bread ration
 d - a beef jerky
 j - 2 chunks of flesh
 l - a meat ration


   Skills:
 - Level 3.0 Fighting
 + Level 4.4 Axes
 - Level 2.6 Dodging
 - Level 1.7 Stealth


You had 2 spell levels left.
You didn't know any spells.

Dungeon Overview and Level Annotations

Branches:
Dungeon (3/15)

Altars:
Nemelex Xobeh
Ru


Innate Abilities, Weirdness & Mutations

You have a pair of small antennae on your head.
You are partially covered in sharp spines.


Message History

The orc hits you from afar with a trident.
Found 10 gold pieces.
There is a stone staircase leading up here.
There are monsters nearby!
The orc priest mumbles some strange prayers to Beogh against you.
Beogh smites you!
The orc priest casts a cantrip, but nothing happens.
The orc closely misses you.
A rat comes into view.
Found a stone staircase leading down.
A hobgoblin comes into view.
The hobgoblin moves out of view.
The orc priest invokes the aid of Beogh against you.
Beogh smites you!
Ouch! That really hurt!
* * * LOW HITPOINT WARNING * * *
The orc priest invokes the aid of Beogh against you.
Beogh smites you!
Ouch! That really hurt!
You die...

.... ##. ..... .....
#..### ...... ....g
#.#.. ......
.....##...## ....>
..........## ##...#
..........###..# ..
#...r...o..####...
#..or...o........#
##@###w####....#.#
##..###.###..$..#
.......w##o.##### .
##..#....<..## ..
##..##.#..#r.....#
...##...........######
#...............
####....o.#.......
......<.<...####...


You could see an orc priest, 2 orcs, a hobgoblin and 2 rats.

Vanquished Creatures
  A gnoll (D:1)
  An adder (D:2)
  An ooze (D:2)
  2 dart slugs (D:2)
  A leopard gecko (D:1)
  An orc (D:2)
  A ball python (D:1)
  8 bats
  3 goblins
  5 hobgoblins
  A quokka (D:2)
  3 frilled lizards
  2 kobolds
  4 rats
34 creatures vanquished.

Notes
Turn   | Place    | Note
-------+----------+-------------------------------------------
     0 | D:1      | Alarkh the Demonspawn Monk began the quest for the Orb.
     0 | D:1      | Reached XP level 1. HP: 18/18 MP: 1/1
   116 | D:1      | Reached skill level 3 in Axes
   679 | D:2      | Gained mutation: You have a pair of small antennae on your head. [demonic ancestry]
   679 | D:2      | Reached XP level 2. HP: 12/24 MP: 2/2
   930 | D:2      | Found a sparkling altar of Nemelex Xobeh.
   930 | D:2      | Found a sacrificial altar of Ru.
  1040 | D:2      | Gained mutation: You are partially covered in sharp spines. [demonic ancestry]
  1040 | D:2      | Reached XP level 3. HP: 18/29 MP: 3/3
  1314 | D:2      | Reached skill level 4 in Axes
  2294 | D:3      | Killed from afar by an orc priest

Skill      XL: |  1  2  3 |
---------------+----------+-----
Axes           | 3 4 |  4.4
Fighting       | |  3.0
Dodging        | |  2.6
Stealth        | |  1.7

Action                   || total
-------------------------++-------
Melee: Hand axe          ||   120
  Use: Potion            ||     1
 Stab: Sleeping          ||     3
  Eat: Chunk             ||     4
Armor: Leather armour    ||    33
       Robe              ||     2
Dodge: Dodged            ||    78
